 Dungeon Crawl Stone Soup version 0.31-a0-232-gb1c03b2570 (webtiles) character file.

Game seed: 9914712943392750995

16 qw the Shooter (level 2, 0/16 HPs)
             Began as a Gargoyle Hexslinger on July 7, 2023.
             Slain by a quokka (3 damage)
             ... on level 1 of the Dungeon.
             The game lasted 00:00:10 (225 turns).

qw the Shooter (Gargoyle Hexslinger)                 Turns: 225, Time: 00:00:11

Health: 0/16       AC:  4    Str: 11    XL:     2   Next: 54%
Magic:  3/3        EV: 12    Int: 13    God:
Gold:   0          SH:  0    Dex: 12    Spells: 2/3 levels left

rFire   . . .        a - +1 sling
rCold   . . .        (no shield)
rNeg    + . .        c - +0 robe
rPois   inf          (no helmet)
rElec   +            (no cloak)
rCorr   .            (no gloves)
SInv    .            (no boots)
Will    .....        (no amulet)
Stlth   +            (no ring)
HPRegen 0.22/turn    (no ring)
MPRegen 0.08/turn

%: no passive effects
@: no status effects
A: sickness immunity, AC +2, negative energy resistance 1, electricity
resistance, torment resistance 1, petrification resistance
a: no special abilities


You were on level 1 of the Dungeon.
You visited 1 branch of the dungeon, and saw 1 of its levels.


Innate Abilities, Weirdness & Mutations

You are immune to sickness and miasma.
Your stone body is resilient. (AC +2)
You are immune to poison.
You resist negative energy. (rN+)
You are resistant to electric shocks. (rElec)
You are resistant to unholy torment.
You are immune to petrification.


   Skills:
 + Level 1.2 Fighting
 - Level 3.0 Ranged Weapons
 - Level 1.5 Dodging
 - Level 1.0 Spellcasting
 - Level 2.6 Hexes


You had 2 spell levels left.
You knew the following spells:

 Your Spells              Type           Power      Damage    Failure   Level
a - Slow                  Hex            28%        N/A       10%         1

Your spell library contained the following spells:

 Spells                   Type           Power      Damage    Failure   Level
 Inner Flame              Hex/Fire       4%         N/A       43%         3
 Portal Projectile        Hex/Tloc       8%         N/A       43%         3
 Cause Fear               Hex            3%         N/A       67%         4

Inventory:

Hand Weapons
 a - a +1 sling (weapon)
Armour
 c - a +0 robe (worn)
Jewellery
 f - a ring of see invisible
Scrolls
 b - a scroll of poison
 d - a scroll of fog {unknown}
 e - 2 scrolls of immolation {unknown}
 g - 2 scrolls of noise {unknown}
 h - 2 scrolls of identify {unknown}
 i - a scroll of teleportation {unknown}

Dungeon Overview and Level Annotations

Branches:
Dungeon (1/15)

Altars:


Message History

The goblin closely misses you. The goblin hits you but does no damage.
The hobgoblin hits you but does no damage.
You shoot a sling bullet.
The sling bullet barely misses the goblin.
The sling bullet hits the endoplasm.
The endoplasm is almost dead.
The hobgoblin closely misses you. The goblin barely misses you.
You shoot a sling bullet.
The sling bullet closely misses the goblin.
The hobgoblin closely misses you.
The goblin hits you with a +1 dagger of holy wrath.
You shoot a sling bullet. The sling bullet hits the goblin.
You kill the goblin!
The hobgoblin hits you but does no damage.
The quokka closely misses you.
You shoot a sling bullet.
The sling bullet closely misses the quokka.
The hobgoblin hits you. The quokka bites you. The hobgoblin closely misses you.
You shoot a sling bullet.
The sling bullet hits the quokka but does no damage.
The quokka bites you. The quokka closely misses you. The hobgoblin hits you.
You shoot a sling bullet.
The sling bullet barely misses the quokka.
The quokka barely misses you.
The hobgoblin hits you but does no damage.
You shoot a sling bullet. The sling bullet hits the quokka.
The quokka is almost dead.
The quokka bites you but does no damage.
The hobgoblin hits you but does no damage.
The quokka barely misses you.
You shoot a sling bullet.
The sling bullet barely misses the quokka.
The hobgoblin hits you but does no damage.
The quokka bites you.
The hobgoblin hits you but does no damage.
You shoot a sling bullet.
The sling bullet barely misses the quokka.
The quokka bites you but does no damage.
The hobgoblin misses you. The quokka bites you.
You die...

#####...#..........
#.#.....#........>#
#...#...#........# #
#..##...#........#
######..##............#
.....#..#...#.#.....#
##...............###
.....#.....##.##.#
..............##@#
#####.######..##gr.....[
#~~~7~7~~ #....J.......
#~.P...7 ~#............
#~PPP.77 .~#............
#~.P...7..~#............
#7.......77#..........$.
.~...<.......#...##..###
#7.......77#.


You could see an endoplasm, a quokka and a hobgoblin.

Vanquished Creatures
  2 endoplasms (D:1)
  4 goblins (D:1)
  A quokka (D:1)
  3 ball pythons (D:1)
  2 frilled lizards (D:1)
  A kobold (D:1)
  2 rats (D:1)
15 creatures vanquished.

Notes
Turn   | Place    | Note
-------+----------+-------------------------------------------
     0 | D:1      | qw the Gargoyle Hexslinger began the quest for the Orb.
     0 | D:1      | Reached XP level 1. HP: 12/12 MP: 2/2
     0 | D:1      | 0 ||| qw: Version: 0.3-a-46-gb1f654a
     0 | D:1      | 0 ||| qw: Game counter: 2278
     0 | D:1      | 0 ||| qw: Melee chars always use a shield: true
     0 | D:1      | 0 ||| qw: God list: Okawaru
     0 | D:1      | 0 ||| qw: Allow faded altars: false
     0 | D:1      | 0 ||| qw: Do Orc after clearing Dungeon:15 true
     0 | D:1      | 0 ||| qw: Do second Lair branch before Depths: true
     0 | D:1      | 0 ||| qw: Lair rune preference: random
     0 | D:1      | 0 ||| qw: Goals: Normal
     0 | D:1      | 0 ||| PLANNING D:1-11
     9 | D:1      | 9 ||| Stepping ~*~*~tactically~*~*~ (water).
    79 | D:1      | Reached XP level 2. HP: 16/16 MP: 3/3
   179 | D:1      | Reached skill level 3 in Ranged Weapons
   221 | D:1      | HP: 4/16 [hobgoblin (3)]
   225 | D:1      | Slain by a quokka

Levels and vault maps discovered:
D:1:      ldierk_walled_garden, layout_rooms

Skill      XL: |  1  2 |
---------------+-------+-----
Ranged Weapons | 3 |  3.0
Fighting       | |  1.2
Dodging        | |  1.5
Spellcasting   | |  1.0
Hexes          | |  2.6

Action                     || total
---------------------------++-------
   Fire: Sling             ||    52
 Armour: Robe              ||    13
  Dodge: Dodged            ||    23

Table legend:
 A = Non-vault XP
 B = Vault XP
 C = Vault XP percentage of total XP
 D = Non-vault monster count
 E = Vault monster count
 F = Vault count percentage of total count
                 A         B        C        D         E       F
            +---------+---------+-------+---------+---------+-------
      Total |      23 |       0 |   0.0 |      15 |       0 |   0.0
            +---------+---------+-------+---------+---------+-------
        D:1 |      23 |       0 |   0.0 |      15 |       0 |   0.0
            +---------+---------+-------+---------+---------+-------
